Map: Oxide LE

Players

llllIIIlllII - Winner!

  • Race: Protoss Protoss
  • League: Diamond

CutiePieZerG

  • Race: Zerg Zerg
  • League: Diamond

VOD

Have the link to the VOD?

Description

Time

  • Played on: Oct. 18, 2021, 9:41 a.m.
  • Length: 19:54
Show
View Real Time Build Order
Export as new Build Order

llllIIIlllII Protoss - Winner!

Build Orders: Cannon Rush 

Get SALT Encoding   

  12  0:01  Probe  
  13  0:13  Probe  
  14  0:20  Pylon  
  14  0:25  Probe  
  15  0:32  Assimilator  
  15  0:39  Probe  
  16  0:52  Probe, Forge  
  17  0:58  Gateway  
  17  1:04  Probe  
  18  1:35  Pylon  
  18  1:47  Pylon  
  18  1:49  Pylon  
  18  1:55  Photon Cannon  
  18  1:57  Photon Cannon  
  18  1:58  Photon Cannon  
  18  2:01  Probe  
  18  2:07  Pylon  
  18  2:31  Photon Cannon  
  18  2:32  Gateway  
  18  2:34  Pylon  
  18  2:38  Probe  
  19  2:44  Photon Cannon  
  19  2:50  Photon Cannon  
  19  3:00  Photon Cannon  
  19  3:03  Photon Cannon  
  19  3:10  Photon Cannon  
  19  3:13  Assimilator  
  19  3:17  Assimilator  
  19  3:19  Zealot (Chrono Boost)  
  20  4:03  Photon Cannon  
  20  4:04  Cybernetics Core  
  20  4:05  Zealot  
  20  4:08  Probe (Chrono Boost)  
  21  4:10  Pylon  
  22  4:17  Probe (Chrono Boost)  
  22  4:22  Probe (Chrono Boost)  
  23  4:34  Probe  
  23  4:35  Pylon  
  24  4:49  Nexus  
  24  4:57  Probe (Chrono Boost)  
  26  5:07  Probe (Chrono Boost)  
  24  5:16  Stargate  
  24  5:19  Stargate  
  24  5:20  Probe  
  25  5:27  Pylon  
  25  5:51  Void Ray (Chrono Boost)  
  25  5:54  Void Ray (Chrono Boost)  
  33  6:10  Photon Cannon  
  33  6:11  Photon Cannon  
  33  6:18  Photon Cannon  
  33  6:21  Probe  
  34  6:30  Void Ray  
  34  6:33  Probe  
  39  6:47  Probe  
  41  6:54  Probe  
  41  6:59  Probe, Pylon  
  41  7:01  Void Ray (Chrono Boost)  
  42  7:06  Probe  
  47  7:13  Assimilator  
  47  7:16  Assimilator  
  47  7:36  Nexus  
  47  7:40  Photon Cannon  
  44  7:59  Void Ray  
  44  8:04  Probe (Chrono Boost)  
  50  8:13  Probe (Chrono Boost)  
  50  8:18  Probe (Chrono Boost)  
  49  8:20  Pylon  
  49  8:23  Void Ray  
  50  8:30  Probe  
  55  8:37  Void Ray  
  59  8:53  Photon Cannon  
  59  8:55  Photon Cannon  
  59  9:01  Void Ray  
  63  9:28  Probe  
  63  9:31  Assimilator  
  60  9:33  Assimilator  
  60  9:40  Probe  
  61  9:53  Probe  
  62  10:20  Pylon x2  
  62  10:24  Probe  
  62  10:31  Pylon  
  60  10:38  Probe x2  
  64  10:50  Probe  
  53  11:13  Stargate  
  53  11:20  Photon Cannon  
  53  11:24  Probe x2  
  55  11:28  Stargate x2  
  55  11:32  Stargate  
  55  11:36  Probe x2  
  53  12:35  Oracle x3 (Chrono Boost)  
  65  12:38  Oracle (Chrono Boost)  
  61  12:54  Pylon  
  61  12:56  Photon Cannon, Pylon  
  61  12:58  Pylon  
  61  13:04  Shield Battery  
  61  13:05  Pylon  
  61  13:06  Photon Cannon  
  61  13:07  Photon Cannon  
  61  13:09  Oracle (Chrono Boost)  
  64  13:15  Pylon  
  64  13:19  Oracle (Chrono Boost)  
  67  13:32  Oracle x2  
  73  13:41  Pylon  
  73  13:42  Probe  
  74  13:58  Oracle  
  77  14:16  Shield Battery  
  77  14:17  Oracle  
  77  14:18  Oracle  
  83  14:36  Oracle  
  86  14:48  Oracle  
  93  15:36  Probe x2  
  95  15:49  Nexus  
  95  15:50  Pylon  
  86  16:05  Fleet Beacon  
  86  16:49  Carrier x3  
  103  17:03  Phoenix  
  105  17:28  Phoenix  
  101  17:53  Phoenix x4  
  109  18:18  Phoenix  
  111  18:22  Nexus  
  111  18:24  Pylon  
  111  18:25  Phoenix  
  113  18:28  Phoenix  
  112  18:48  Phoenix x2  
Show
View Real Time Build Order
Export as new Build Order

CutiePieZerG Zerg 

Build Orders: Hatch First 

Get SALT Encoding   

  12  0:00  Drone  
  13  0:09  Drone  
  14  0:33  Hatchery  
  13  0:38  Drone  
  14  0:44  Overlord  
  14  1:01  Spawning Pool  
  14  1:03  Drone  
  14  1:07  Drone  
  16  1:11  Drone  
  16  1:20  Drone  
  17  1:31  Drone, Extractor  
  17  1:47  Zergling x2  
  17  1:48  Queen x2, Zergling x2  
  17  1:51  Drone  
  24  2:02  Zergling x4  
  26  2:14  Zergling x4  
  28  2:28  Zergling x4  
  27  2:30  Zergling x2  
  23  2:56  Queen  
  23  3:01  Zergling x4  
  23  3:02  Zergling x6  
  27  3:22  Queen  
  27  3:27  Drone  
  27  3:31  Zergling x2  
  27  3:33  Overlord  
  27  3:47  Zergling x6  
  24  4:15  Zergling x2  
  24  4:16  Zergling x4  
  23  4:28  Drone  
  24  4:32  Hatchery  
  24  4:34  Drone x2  
  24  4:35  Drone  
  26  4:40  Drone  
  27  4:56  Drone x3  
  30  5:04  Overlord  
  30  5:23  Hatchery  
  30  5:27  Metabolic Boost  
  29  5:36  Queen  
  31  5:46  Queen  
  34  5:50  Drone  
  34  5:51  Drone  
  34  5:53  Drone  
  34  5:56  Drone  
  37  6:02  Overlord  
  37  6:12  Queen  
  37  6:14  Drone  
  37  6:16  Drone  
  37  6:17  Drone  
  42  6:23  Queen  
  44  6:29  Drone x2  
  44  6:30  Drone  
  47  6:37  Spore Crawler  
  46  6:49  Queen  
  48  7:06  Queen  
  48  7:11  Roach Warren  
  48  7:14  Overlord x2  
  47  7:18  Drone x2, Extractor x2  
  47  7:19  Drone  
  47  7:20  Drone x4  
  52  7:23  Overlord x3  
  50  7:38  Overlord  
  50  7:49  Queen  
  52  8:02  Hatchery  
  51  8:13  Roach  
  51  8:14  Roach x10  
  71  8:22  Queen  
  73  8:39  Ravager x5  
  78  8:44  Drone x10  
  88  8:55  Ravager x2  
  90  9:11  Overlord x4, Spore Crawler  
  90  9:12  Spore Crawler  
  90  9:13  Spore Crawler  
  84  9:40  Roach x9  
  102  10:10  Hatchery  
  102  10:11  Lair  
  102  10:12  Extractor, Queen  
  102  10:48  Queen  
  60  11:15  Hydralisk Den  
  61  11:22  Queen  
  61  11:24  Queen  
  65  11:43  Hydralisk  
  65  11:44  Hydralisk x9  
  65  11:45  Hydralisk  
  85  11:54  Hatchery  
  85  11:59  Queen  
  82  12:01  Hydralisk  
  82  12:02  Hydralisk  
  70  12:35  Queen  
  70  13:10  Drone x2  
  70  13:11  Drone x11  
  81  13:46  Evolution Chamber  
  81  13:47  Evolution Chamber  
  79  13:53  Lair  
  77  14:04  Hatchery  
  76  14:14  Hatchery  
  75  14:18  Zerg Ground Armor Level 1, Zerg Missile Weapons Level 1  
  75  15:02  Spire  
  56  15:29  Drone x5, Extractor x2  
  56  15:30  Drone x5  
  64  16:06  Hatchery  
  64  16:10  Overseer  
  55  16:19  Mutalisk  
  55  16:20  Mutalisk x10  
  58  16:34  Drone x3  
  61  16:40  Drone x5  
  61  16:41  Drone  
  67  16:51  Drone x2  
  69  17:08  Drone x5  
  62  17:26  Spire  
  62  17:27  Drone  
  62  17:29  Drone  
  59  17:40  Drone  
  59  17:42  Drone  
  50  17:51  Drone  
  51  18:10  Drone x3  
  54  18:25  Drone x3  
  57  18:29  Drone  
  58  18:43  Mutalisk  
  60  18:51  Mutalisk  
  60  18:55  Drone x2  
  64  18:57  Drone  
Tags
 
Add a new tag
Caveats
  • Supply blocks, unpowered buildings, or Contaminate may cause inaccurate times.
  • Supply counts are checked every 10 seconds.